 Dungeon Crawl Stone Soup version 0.28-a0-1404-g4df0f3684d (webtiles) character file.

Game seed: 2028283272131994553

331 rocketpapaya the Ruffian (level 6, 0/59 HPs)
             Began as a Troll Berserker on Jan 6, 2022.
             Was a Priest of Trog.
             Slain by Prince Ribbit (9 damage)
             ... on level 7 of the Dungeon.
             The game lasted 00:03:37 (2797 turns).

rocketpapaya the Ruffian (Troll Berserker)          Turns: 2797, Time: 00:03:38

Health: 0/59       AC:  4    Str: 26 (28) XL:     6   Next: 26%
Magic:  5/5        EV:  9    Int:  0 (3)  God:    Trog [***...]
Gold:   153        SH:  0    Dex:  6 (9)  Spells: 5/5 levels left

rFire   . . .      SeeInvis .     - Unarmed
rCold   . . .      Faith    .   (no shield)
rNeg    . . .      Spirit   .   a - +0 animal skin
rPois   .          Reflect  .   (helmet restricted)
rElec   .          Harm     .   (no cloak)
rCorr   .          Rampage  .   (gloves unavailable)
Will    .....                   (boots unavailable)
Stlth   +.........              (no amulet)
HPRegen 0.99/turn               (no ring)
MPRegen 0.09/turn               (no ring)

@: slowed, lost intelligence, unable to read, very slow
A: large, unfitting armour, claws 3, regeneration 1, shaggy fur 1, tough skin 1
a: Renounce Religion, Berserk, Trog's Hand


You were on level 7 of the Dungeon.
You worshipped Trog.
Trog was most pleased with you.
You visited 1 branch of the dungeon, and saw 5 of its levels.

You collected 153 gold pieces.

Inventory:

Armour
 a - a +0 animal skin (worn)
Jewellery
 d - a ring of ice
Scrolls
 c - 2 scrolls of teleportation {unknown}
 f - 2 scrolls of enchant weapon {unknown}
 g - a scroll of immolation {unknown}
 h - a scroll of fog {unknown}
 i - 3 scrolls of identify {unknown}
 k - a scroll of enchant armour {unknown}


   Skills:
 - Level 2.4 Fighting
 - Level 2.4 Dodging
 + Level 7.1 Unarmed Combat


You had 5 spell levels left.
You didn't know any spells.
Your spell library was empty.

Dungeon Overview and Level Annotations

Branches:
Dungeon (4/15)
 Temple: D:4-7

Altars:
Xom

Annotations:
D:7 Prince Ribbit


Innate Abilities, Weirdness & Mutations

You are too large for most types of armour.
You have claws for hands.
Your natural rate of healing is unusually fast.
You are covered in fur. (AC +1)
You have tough skin. (AC +1)


Message History

A sourceless malevolence fills the Dungeon...
You fall into a shaft and drop 3 floors!
The shaft crumbles and collapses.
You feel sick.
Found 13 bolts and a robe.
Found a stone staircase leading down.
You feel sick.
You feel sick.
You are no longer poisoned.
HP restored.
Prince Ribbit comes into view.
Prince Ribbit gives a loud, deep croak!
You miss Prince Ribbit. Your claw misses Prince Ribbit. Prince Ribbit hits you!
You barely miss Prince Ribbit. Prince Ribbit hits you!
You closely miss Prince Ribbit. Your claw misses Prince Ribbit.
Prince Ribbit barely misses you.
It was a potion of degeneration.
There was something very wrong with that liquid.
You feel weakened.
You feel dopey.
You have lost your intelligence.
You feel clumsy. Prince Ribbit hits you!
Prince Ribbit sighs, "It's not easy being green!"
Prince Ribbit blinks!
Prince Ribbit hits you!
* * * LOW HITPOINT WARNING * * *
Prince Ribbit hits you.
* * * LOW HITPOINT WARNING * * *
Prince Ribbit hits you but does no damage.
You can move again.
You claw Prince Ribbit!
Prince Ribbit is moderately wounded.
Prince Ribbit closely misses you. Prince Ribbit hits you.
* * * LOW HITPOINT WARNING * * *
Unknown command.
You feel better. Prince Ribbit hits you!
* * * LOW HITPOINT WARNING * * *
Prince Ribbit hops awkwardly around.
Prince Ribbit closely misses you.
You miss Prince Ribbit.
Prince Ribbit is moderately wounded.
Prince Ribbit hits you!
You die...

### ... ##.##
##.>.##
####.....####
...........#
...##........##
#[....(F......#
#..##^#@####..#
# #........
#.###...# #.#
.# #.# #.. ...
##.


You could see Prince Ribbit.

Vanquished Creatures
  Pargi (D:3)
  A scorpion (D:4)
  A howler monkey skeleton (D:4)
  10 adders
  A worm (D:2)
  2 dart slugs (D:1)
  4 endoplasms
  3 giant cockroaches
  4 goblins
  7 hobgoblins
  8 jackals (D:2)
  9 kobolds
  4 quokkas (D:1)
  3 ball pythons
  7 bats
  A frilled lizard (D:3)
  3 rats (D:1)
69 creatures vanquished.

Vanquished Creatures (others)
  3 fungi (D:4)
3 creatures vanquished.

Grand Total: 72 creatures vanquished

Notes
Turn   | Place    | Note
-------+----------+-------------------------------------------
     0 | D:1      | rocketpapaya the Troll Berserker began the quest for the
                  | Orb.
     0 | D:1      | Reached XP level 1. HP: 22/22 MP: 0/0
   171 | D:1      | Found a faded altar of an unknown god.
   194 | D:1      | Reached XP level 2. HP: 29/29 MP: 1/1
   582 | D:1      | Reached skill level 4 in Unarmed Combat
   754 | D:2      | Reached XP level 3. HP: 33/36 MP: 2/2
   769 | D:2      | Reached ** piety under Trog
  1171 | D:2      | Found a shimmering altar of Xom.
  1578 | D:2      | Reached XP level 4. HP: 42/44 MP: 3/3
  1584 | D:2      | Reached skill level 5 in Unarmed Combat
  1910 | D:3      | Noticed Pargi
  1917 | D:3      | Killed Pargi
  1918 | D:3      | Reached skill level 6 in Unarmed Combat
  1918 | D:3      | Reached XP level 5. HP: 45/50 MP: 4/4
  2738 | D:4      | Reached XP level 6. HP: 55/59 MP: 5/5
  2746 | D:4      | Reached skill level 7 in Unarmed Combat
  2767 | D:4      | Reached *** piety under Trog
  2779 | D:4      | You fall into a shaft and drop 3 floors!
  2787 | D:7      | Noticed Prince Ribbit
  2791 | D:7      | Lost intelligence.
  2797 | D:7      | Slain by Prince Ribbit

Illustrated notes

Levels and vault maps discovered:
D:1:      lightli_arrival_noodles, layout_basic, ebering_ecumenical_altar_webs
D:2:      minmay_inner_zag, layout_loops_corners, basic_altar
D:3:      mumra_celtic_spiral_tile, layout_loops_ring,
          minmay_misc_feat_four_crosses, uniq_pargi
D:4:      old_forge, layout_basic, minmay_temple_entry_statues, serial_shops,
          shop, minmay_a_box_with_orc_wizards_in_it
D:7:      layout_loops_ring, gammafunk_ghost_nasty_kobolds, uniq_prince_ribbit1

Skill      XL: |  1  2  3  4  5  6 |
---------------+-------------------+-----
Unarmed Combat | 4 6 7 |  7.1
Fighting       | |  2.4
Dodging        | |  2.4

Action                   |  1- 3 |  4- 6 || total
-------------------------+-------+-------++-------
Melee: Unarmed           |   112 |    83 ||   195
       Punch             |       |     3 ||     3
  Use: Potion            |       |     4 ||     4
 Stab: Invisible         |       |     2 ||     2
       Sleeping          |       |     1 ||     1
Armor: Animal skin       |    41 |    25 ||    66
Dodge: Dodged            |    77 |    36 ||   113

Table legend: (Time is in decaauts)
 A = Elapsed time spent in this place.
 B = Non-inter-level travel time spent in this place.
 C = Inter-level travel time spent in this place.
 D = Time resting spent in this place.
 E = Time spent auto-exploring this place.
 F = Levels seen in this place.
 G = Mean time per level.
                   A        B        C        D        E       F      G
               +--------+--------+--------+--------+--------+-----+--------+
         Total |   2778 |   2646 |    132 |      0 |   2254 |   5 |  555.6 |
       Dungeon |   2778 |   2646 |    132 |      0 |   2254 |   5 |  555.6 |
               +--------+--------+--------+--------+--------+-----+--------+

Top non-repeatable levels by time:
     D:3: 1007 daAuts
     D:2: 899 daAuts
     D:1: 737 daAuts
     D:4: 115 daAuts
     D:7: 18 daAuts
